 Dungeon Crawl Stone Soup version 0.19-a0-994-g3c636f0 (webtiles) character file.

110 4thArraOfDagon the Ruffian (level 4, -3/39 HPs)
             Began as a Troll Air Elementalist on July 15, 2016.
             Was an Initiate of Yredelemnul.
             Slain by an adder (5 damage)
             ... in a sewer.
             The game lasted 00:02:30 (372 turns).

4thArraOfDagon the Ruffian (Troll Air Elementalist)  Turns: 372, Time: 00:02:30

Health: -3/39      AC:  5    Str: 16    XL:     4   Next: 61%
Magic:  4/4        EV: 10    Int: 12    God:    Yredelemnul [......]
Gold:   41         SH:  0    Dex: 10    Spells: 1 memorised, 3 levels left

rFire  . . .     SeeInvis .       - Unarmed
rCold  . . .     Gourm    +     a - +0 robe
rNeg   . . .     Faith    .     (no shield)
rPois  .         Spirit   .     (helmet restricted)
rElec  .         Dismiss  .     (no cloak)
rCorr  .         Reflect  .     (gloves unavailable)
SustAt +         Harm     .     (boots unavailable)
MR     .....                    (no amulet)
Stlth  +.........               (no ring)
                                e - ring of sustain attributes

@: lethally poisoned (-3 -> -6), repel missiles, not resistant to hostile
enchantments, very unstealthy
A: unfitting armour, claws 3, fast metabolism 3, gourmand, regeneration 2,
shaggy fur 1, tough skin 2
a: Renounce Religion


You were in a sewer.
You worshipped Yredelemnul.
Yredelemnul was noncommittal.
You were full.

You visited 1 branch of the dungeon, and saw 5 of its levels.
You also visited: Sewer.

You collected 41 gold pieces.

Inventory:

Hand Weapons
 f - a +0 giant spiked club
Armour
 a - a +0 robe (worn)
Jewellery
 e - a ring of sustain attributes (left claw)
Scrolls
 d - a scroll of random uselessness
Books
 b - a book of Air

   Spells                             Type                      Level
   a - Shock                          Conjuration/Air              1
   b - Swiftness                      Charms/Air                   2
   c - Repel Missiles                 Charms/Air                   2
   d - Static Discharge               Conjuration/Air              3
   e - Lightning Bolt                 Conjuration/Air              5
Comestibles
 c - 2 bread rations


   Skills:
 - Level 1.5 Dodging
 - Level 1.1 Stealth
 * Level 3.7 Unarmed Combat
 - Level 1.2 Spellcasting
   Level 0.6 Conjurations
 - Level 2.0 Air Magic
 + Level 1.5 Invocations


You had 3 spell levels left.
You knew the following spells:

 Your Spells              Type           Power        Failure   Level  Hunger
b - Repel Missiles        Chrm/Air       #.....       34%         2    ###....


Dungeon Overview and Level Annotations

Branches:
Dungeon (5/15)
 Temple: D:4-7

Altars:
Vehumet
Yredelemnul

Annotations:
D:3 Grinder


Innate Abilities, Weirdness & Mutations

You are too large for most types of armour.
You have claws for hands.
Your metabolism is lightning-fast.
You like to eat raw meat.
You heal very quickly.
You are covered in fur. (AC +1)
You have very tough skin. (AC +2)


Message History

Unknown command.
You claw the ball python!
You kill the ball python!
Yredelemnul accepts your kill.
* * * LOW HITPOINT WARNING * * *
You feel sick. The adder closely misses you.
The adder bites you but does no damage.
Unknown command.
Unknown command.
Unknown command.
You closely miss the adder.
* * * LOW HITPOINT WARNING * * *
You feel sick. The adder closely misses you.
Unknown command.
Unknown command.
You miss the adder.
* * * LOW HITPOINT WARNING * * *
You feel sick. The adder bites you.
You die...
Your body rises from the dead as a mindless zombie.

≈≈≈≈≈≈≈≈≈≈≈≈≈≈≈≈
≈≈≈≈≈≈≈≈≈≈≈≈≈≈≈≈
≈≈≈≈≈≈≈≈≈≈≈≈≈≈≈≈
≈≈≈≈≈≈≈≈≈≈≈≈≈≈≈≈
≈≈≈≈≈≈≈≈≈≈≈≈≈.≈
≈≈≈≈≈.≈≈≈≈.≈#
≈≈≈≈≈.†S≈≈# #@∩#
####


You could see an adder.

Vanquished Creatures
  An ogre (D:4)
  An adder (D:4)
  An adder skeleton (D:4)
  A worm (D:4)
  2 giant geckos (D:4)
  2 giant cockroaches (D:4)
  4 jackals (D:3)
  3 ball pythons (Sewer)
  2 rats (D:4)
17 creatures vanquished.

Notes
Turn   | Place    | Note
-------+----------+-------------------------------------------
     0 | D:1      | 4thArraOfDagon the Troll Air Elementalist began the quest for the Orb.
     0 | D:1      | Reached XP level 1. HP: 16/16 MP: 1/1
     0 | D:1      | hmm ok
    55 | D:3      | Reached skill level 1 in Unarmed Combat
   100 | D:4      | Reached skill level 2 in Unarmed Combat
   100 | D:4      | Reached XP level 2. HP: 23/24 MP: 2/2
   106 | D:4      | Learned a level 2 spell: Repel Missiles
   137 | D:5      | Entered Level 5 of the Dungeon
   138 | D:5      | Found a radiant altar of Vehumet.
   161 | D:3      | Noticed Grinder
   196 | D:4      | Found a basalt altar of Yredelemnul.
   203 | D:4      | Became a worshipper of Yredelemnul the Dark
   264 | D:4      | Noticed an ogre
   277 | D:4      | Killed an ogre
   277 | D:4      | Reached skill level 3 in Unarmed Combat
   277 | D:4      | Reached skill level 1 in Invocations
   277 | D:4      | Reached XP level 3. HP: 31/31 MP: 3/3
   277 | D:4      | Reached XP level 4. HP: 39/39 MP: 4/4
   350 | D:4      | Found a glowing drain.
   354 | Sewer    | Entered a sewer
   372 | Sewer    | Slain by an adder

Vault maps used:
D:1:      minmay_arrival_pointy
D:2:      first_bread, evilmike_ruin_ashenzari
D:3:      minmay_ogre_servants, uniq_iyjb, uniq_sigmund, uniq_jessica,
          uniq_grinder
D:4:      nicolae_overflow_crystal_walls, gup_sewer_entry_bowl
D:5:      kennysheep_mini, vehumet_altar_wand_db, uniq_crazy_yiuf_cottage,
          uniq_eustachio, uniq_duvessa
Sewer:    sewer_co_purgy_island

Skill      XL: |  1  2 |
---------------+-------+-----
Unarmed Combat | 2 3 |  3.7
Invocations    | 1 |  1.5
Dodging        | |  1.5
Stealth        | |  1.1
Spellcasting   | |  1.2
Conjurations   | |  0.6
Air Magic      | |  2.0

Action                   |  1- 3 |  4- 6 || total
-------------------------+-------+-------++-------
Melee: Unarmed           |    42 |    26 ||    68
 Cast: Repel Missiles    |     1 |       ||     1
  Use: Scroll            |     3 |       ||     3
       Potion            |     1 |       ||     1
 Stab: Invisible         |     1 |       ||     1
  Eat: Chunk             |     1 |     5 ||     6
Armor: Robe              |    10 |    12 ||    22
Dodge: Dodged            |    25 |    15 ||    40
